 Dungeon Crawl Stone Soup version 0.30.1-4-g462c640d31 (webtiles) character file.

Game seed: 3945967130400172396

23 Diggabert the Cudgeller (level 3, -1/27 HPs)
             Began as a Human Gladiator on Aug 11, 2023.
             Slain by a gnoll
             ... wielding a +0 spear
              (2 damage)
             ... on level 1 of the Dungeon.
             The game lasted 00:00:58 (369 turns).

Diggabert the Cudgeller (Human Gladiator)            Turns: 369, Time: 00:00:58

Health: -1/27      AC:  5    Str: 16    XL:     3   Next: 10%
Magic:  3/3        EV: 12    Int:  8    God:
Gold:   48         SH:  0    Dex: 14    Spells: 2/2 levels left

rFire   . . .        a - +0 flail
rCold   . . .        (no shield)
rNeg    . . .        b - +0 leather armour
rPois   .            c - +0 helmet
rElec   .            (no cloak)
rCorr   .            j - +0 pair of gloves
SInv    .            (no boots)
Will    .....        (no amulet)
Stlth   +            (no ring)
HPRegen 0.24/turn    (no ring)
MPRegen 0.08/turn

%: no passive effects
@: no status effects
A: no striking features
a: no special abilities


You were on level 1 of the Dungeon.
You visited 1 branch of the dungeon, and saw 1 of its levels.

You collected 48 gold pieces.

Inventory:

Hand Weapons
 a - a +0 flail (weapon)
Missiles
 d - 3 throwing nets (quivered)
 e - a javelin
 k - 2 boomerangs
Armour
 b - a +0 leather armour (worn)
 c - a +0 helmet (worn)
 j - a +0 pair of gloves (worn)
Scrolls
 f - a scroll of brand weapon {unknown}
 g - a scroll of immolation {unknown}
 i - 2 scrolls of identify {unknown}
 l - a scroll of noise {unknown}
Potions
 h - a potion of lignification {unknown}


   Skills:
 * Level 2.2 Fighting
 * Level 3.5 Maces & Flails
 - Level 2.0 Throwing
 * Level 0.6 Armour
 * Level 3.3 Dodging


You had 2 spell levels left.
You didn't know any spells.
Your spell library was empty.

Dungeon Overview and Level Annotations

Branches:
Dungeon (1/15)

Altars:


Message History

Found a stone staircase leading down.
There is an open door here.
The gnoll hits you but does no damage.
You hit the gnoll but do no damage. The gnoll hits you with a +0 spear!
The rat bites you.
You barely miss the gnoll. The gnoll completely misses you.
The rat bites you but does no damage. The rat barely misses you.
The goblin hits you but does no damage. The gnoll hits you with a +0 spear.
You are too injured to fight recklessly!
You are too injured to fight recklessly!
You are too injured to fight recklessly!
Unknown command.
The rat attacks as you move away! The rat misses you.
The gnoll hits you but does no damage. The goblin hits you with a +0 dagger.
There is an open door here.
The goblin attacks as you move away! The goblin hits you but does no damage.
You are too injured to fight recklessly!
You are too injured to fight recklessly!
You are too injured to fight recklessly!
You closely miss the rat.
The gnoll hits you from afar with a +0 spear.
The rat barely misses you.
You sock the rat!
You kill the rat!
The gnoll hits you from afar with a +0 spear.
* * * LOW HITPOINT WARNING * * *
You closely miss the goblin. The gnoll barely misses you.
The goblin barely misses you.
You completely miss the goblin.
The gnoll hits you from afar with a +0 spear.
* * * LOW HITPOINT WARNING * * *
The goblin hits you but does no damage. The goblin hits you with a +0 dagger.
* * * LOW HITPOINT WARNING * * *
The gnoll closely misses you.
You sock the goblin!
You kill the goblin!
The gnoll barely misses you.
Unknown command.
The gnoll hits you with a +0 spear.
You die...

..#####...........####
..# #...........# ..#
#...........# ..#
##...##############
..# ###'######........
..# #........#........
..# #..†.....#........
..# #........#........
..#
#.........@........
###
#.........#g.......
#.........#........
#.........#.....(..
#...#######........
#... #......>. ##
#........ #######+#


You could see a gnoll.

Vanquished Creatures
  2 endoplasms (D:1)
  A giant cockroach (D:1)
  4 goblins (D:1)
  2 hobgoblins (D:1)
  2 quokkas (D:1)
  3 ball pythons (D:1)
  2 frilled lizards (D:1)
  A kobold (D:1)
  4 rats (D:1)
21 creatures vanquished.

Notes
Turn   | Place    | Note
-------+----------+-------------------------------------------
     0 | D:1      | Diggabert the Human Gladiator began the quest for the Orb.
     0 | D:1      | Reached XP level 1. HP: 16/16 MP: 1/1
   106 | D:1      | Reached XP level 2. HP: 22/22 MP: 2/2
   350 | D:1      | Reached XP level 3. HP: 27/27 MP: 3/3
   367 | D:1      | HP: 1/27 [goblin/+0 dagger (2)]
   369 | D:1      | Slain by a gnoll

Illustrated notes

Levels and vault maps discovered:
D:1:      dpeg_arrival_prison, layout_basic

Action                     || total
---------------------------++-------
  Melee: Flail             ||    57
 Armour: Leather armour    ||    23
  Dodge: Dodged            ||    39
